 Dungeon Crawl Stone Soup version 0.27.1 (webtiles) character file.

Game seed: 10642298839659891792

112 greenlake the Slasher (level 4, -3/35 HPs)
             Began as a Demonspawn Gladiator on Aug 31, 2021.
             Slain by an ogre (32 damage)
             ... on level 4 of the Dungeon.
             The game lasted 00:05:24 (2701 turns).

greenlake the Slasher (Demonspawn Gladiator)        Turns: 2701, Time: 00:05:25

Health: -3/35      AC:  3    Str: 16    XL:     4   Next: 64%
Magic:  4/4        EV: 12    Int:  9    God:
Gold:   153        SH:  0    Dex: 14    Spells: 3/3 levels left

rFire    . . .     SeeInvis .   a - +0 long sword
rCold    . . .     Faith    .   (no shield)
rNeg     . . .     Spirit   .   b - +0 leather armour
rPois    .         Reflect  .   (helmet restricted)
rElec    .         Harm     .   (no cloak)
rCorr    .         Rampage  .   (no gloves)
Will     .....                  (no boots)
Stlth    +.........             q - amulet of regeneration
HPRegen  1.11/turn              (no ring)
MPRegen  0.09/turn              (no ring)

@: no status effects
A: horns 2
a: no special abilities


You were on level 4 of the Dungeon.
You visited 1 branch of the dungeon, and saw 4 of its levels.

You collected 153 gold pieces.

Inventory:

Hand Weapons
 a - a +0 long sword (weapon)
Missiles
 d - 3 throwing nets
 i - 13 poisoned darts (quivered)
Armour
 b - a +0 leather armour (worn)
 c - a +0 helmet
Jewellery
 q - an amulet of regeneration (around neck)
 r - a ring of flight
 s - a ring of see invisible
 t - a +6 ring of strength
 v - an amulet of reflection
 x - a ring of protection from fire
Wands
 l - a wand of polymorph (6)
Scrolls
 e - 2 scrolls of noise {unknown}
 k - 3 scrolls of magic mapping {unknown}
 n - a scroll of fear {unknown}
 o - a scroll of identify {unknown}
 p - a scroll of vulnerability {unknown}
 u - a scroll of fog {unknown}
 w - 3 scrolls of blinking {unknown}
Potions
 f - a potion of brilliance {unknown}
 g - a potion of might {unknown}
 h - a potion of mutation {unknown}
 j - a potion of flight {unknown}
 m - a potion of curing {unknown}


   Skills:
 + Level 3.2 Fighting
 + Level 3.5 Long Blades
 - Level 1.7 Throwing
 + Level 2.1 Armour
 - Level 2.6 Dodging


You had 3 spell levels left.
You didn't know any spells.
Your spell library contained the following spells:

 Spells                   Type           Power      Damage    Failure   Level
 Dazzling Flash           Conj/Hex       0%         N/A       83%         3
 Iskenderun's Mystic Bla  Conj/Tloc      0%         2d3       99%         4
 Starburst                Conj/Fire      0%         6d3       100%        6


Dungeon Overview and Level Annotations

Branches:
Dungeon (4/15)
 Temple: D:4-7

Altars:
Cheibriados
Qazlal
Ru
The Shining One


Innate Abilities, Weirdness & Mutations

You have a pair of horns on your head.


Message History

You slide downwards.
The hatch slams shut behind you.
Found a quarterstaff.
Found a stone staircase leading up.
Found a ruby ring.
Found 19 stones.
x - a ring of protection from fire You see here 19 stones.
Found a trident.
An endoplasm comes into view.
The endoplasm quivers.
The endoplasm freezes you.
You are frozen.
You hit the endoplasm but do no damage.
You headbutt the endoplasm, but do no damage.
The endoplasm hits you.
You hit the endoplasm.
The endoplasm is lightly wounded.
The endoplasm jiggles.
The endoplasm hits you but does no damage.
You hit the endoplasm.
The endoplasm is severely wounded.
The endoplasm hits you.
You barely miss the endoplasm.
The endoplasm is heavily wounded.
The endoplasm closely misses you.
You hit the endoplasm.
You kill the endoplasm!
An ogre comes into view. It is wielding a +0 giant club.
The ogre shouts!
You hear a bark! x3
A jackal comes into view.
The jackal barks!
A jackal comes into view.
You hit the ogre. You headbutt the ogre!
The ogre is heavily wounded.
A jackal comes into view. x2
The ogre hits you with a +0 giant club!
The jackal moves out of view.
You hit the ogre.
The ogre is heavily wounded.
The ogre hits you with a +0 giant club!!
Ouch! That really hurt!
You die...

#. . #. .. #.
..##. # ... ...
#.####..... ..
#..@O...hhh
#.###..####..h≈
##......# ≈
........###
#######...###
#.#...#
#..##.... ##.##
##. #..##


You could see an ogre and 4 jackals.

Vanquished Creatures
  A jelly (D:3)
  2 adders (D:3)
  A worm (D:2)
  3 orcs (D:3)
  3 ball pythons
  7 bats
  3 endoplasms
  4 giant cockroaches
  7 goblins
  4 hobgoblins
  2 jackals (D:2)
  3 quokkas
  4 frilled lizards
  5 kobolds
  5 rats
54 creatures vanquished.

Notes
Turn   | Place    | Note
-------+----------+-------------------------------------------
     0 | D:1      | greenlake the Demonspawn Gladiator began the quest for the
                  | Orb.
     0 | D:1      | Reached XP level 1. HP: 16/16 MP: 1/1
   178 | D:1      | Gained mutation: You have a pair of small horns on your
                  | head. [demonic ancestry]
   178 | D:1      | Reached XP level 2. HP: 20/22 MP: 2/2
   360 | D:1      | Reached skill level 1 in Armour
   684 | D:1      | Gained mutation: You have a pair of horns on your head.
                  | [demonic ancestry]
   684 | D:1      | Reached XP level 3. HP: 28/28 MP: 3/3
  1651 | D:2      | Found a faded altar of an unknown god.
  2143 | D:3      | Reached XP level 4. HP: 34/35 MP: 4/4
  2170 | D:3      | Found a faded altar of an unknown god.
  2170 | D:3      | Found a snail-covered altar of Cheibriados.
  2177 | D:3      | Found a stormy altar of Qazlal.
  2184 | D:3      | Found a sacrificial altar of Ru.
  2698 | D:4      | Noticed an ogre
  2701 | D:4      | Slain by an ogre

Illustrated notes

Levels and vault maps discovered:
D:1:      dpeg_arrival_rooms_b, layout_rooms, lemuel_another_geyser
D:2:      layout_loops_corners, dreamdust_ecumenical_altar_statues, st_stairs_7,
          minivault_27
D:3:      layout_rooms, chequers_temple_overflow_minitemple,
          nrook_loot_triangle, roderic_roman_lattice
D:4:      layout_rooms, jmf_multi_god_temple, minmay_temple_entry_mini_moons,
          small_statue_intersection, minmay_misc_feat_tower,
          serial_park_tiny_pond, uniq_crazy_yiuf_cottage

Skill      XL: |  1  2  3 |
---------------+----------+-----
Long Blades    | 3 |  3.5
Armour         | 1 2 |  2.1
Fighting       | 3 |  3.2
Throwing       | |  1.7
Dodging        | |  2.6

Action                   |  1- 3 |  4- 6 || total
-------------------------+-------+-------++-------
Melee: Long sword        |   111 |    29 ||   140
       Headbutt          |    18 |     5 ||    23
Armor: Leather armour    |    44 |     7 ||    51
Dodge: Dodged            |    79 |    18 ||    97
       Rpst.: Long sword |    21 |     9 ||    30
